 Dungeon Sprint DCSS version 0.18.1-6-gd335043 (webtiles) character file.

397 Hipnos the Ducker (level 6, 0/68 HPs)
             Began as a Draconian Transmuter on May 20, 2016.
             Was an Initiate of Sif Muna.
             Slain by Sonja
             ... wielding a +0 short sword of distortion
              (10 damage)
             ... in the Dungeon (Sprint I: "Red Sonja").
             The game lasted 00:02:27 (605 turns).

Hipnos the Ducker (Draconian Transmuter)             Turns: 605, Time: 00:02:28

Health: 0/68       AC:  5    Str: 14    XL:     6   Next: 53%
Magic:  6/13       EV: 13    Int: 13    God:    Sif Muna [......]
Gold:   297        SH:  0    Dex: 12    Spells: 4 memorised, 5 levels left

rFire  x . .     SeeInvis .       - Unarmed
rCold  + + +     Gourm    .     (armour unavailable)
rNeg   . . .     Faith    .     (shield currently unavailable)
rPois  +         Spirit   .     (helmet currently unavailable)
rElec  .         Dismiss  .     (cloak currently unavailable)
rCorr  .         Reflect  .     (gloves currently unavailable)
SustAt .         Harm     .     (boots currently unavailable)
MR     .....     NoTele   +     (no amulet)
Stlth  ++........               (no ring)
                                (no ring)

@: ice-form, very slightly contaminated, slowed, very slow, not resistant to
hostile enchantments, unstealthy
A: unfitting armour, (cold-blooded), AC +6
a: End Transformation, Renounce Religion


You were in the Dungeon.
You worshipped Sif Muna.
Sif Muna was noncommittal.
You were not hungry.
You were a creature of crystalline ice.
You visited 1 branch You collected 297 gold pieces.

Inventory:

Missiles
 a - 10 arrows
Scrolls
 i - a scroll of blinking
 k - a scroll of remove curse {unknown}
Potions
 d - a potion of curing
 e - a potion of heal wounds
 f - a potion of haste
 g - 2 potions of magic
 h - a potion of berserk rage
Books
 b - a book of Changes

   Spells                             Type                      Level
   a - Beastly Appendage              Transmutation                1
   b - Sticks to Snakes               Transmutation                2
   c - Spider Form                    Transmutation/Poison         3
   d - Ice Form                       Ice/Transmutation            4
   e - Blade Hands                    Transmutation                5
Comestibles
 c - a bread ration
 j - 5 chunks of flesh


   Skills:
 * Level 5.7 Fighting
 * Level 7.0 Dodging
 + Level 1.8 Stealth
 + Level 7.0 Unarmed Combat
 + Level 5.1 Spellcasting
 * Level 6.8 Transmutations
 - Level 1.2 Poison Magic


You had 5 spell levels left.
You knew the following spells:

 Your Spells              Type           Power        Failure   Level  Hunger
a - Beastly Appendage     Trmt           ###...       1%          1    None
b - Sticks to Snakes      Trmt           ###.....     1%          2    ##.....
c - Spider Form           Trmt/Pois      ##........   12%         3    ###....
d - Ice Form              Ice/Trmt       ##......     50%         4    ####...


Dungeon Overview and Level Annotations

Branches:
Dungeon (1/1)

Altars:
Elyvilon
Gozag
Kikubaaqudgha
Makhleb
Nemelex Xobeh
Okawaru
Pakellas
Qazlal
Ru
Sif Muna
Trog
Vehumet
Xom
Yredelemnul
Zin
The Shining One

Shops:
D =

Annotations:
D Sonja


Innate Abilities, Weirdness & Mutations

((Your plain brown scales are hard (AC +6).))
Your body does not fit into most forms of armour.
((You are cold-blooded and may be slowed by cold attacks.))


Message History

Sonja hits you with an uncursed short sword of distortion.
You feel a strange sense of stasis. Sonja closely misses you.
Sonja hits you with an uncursed short sword of distortion!
Sonja hits you with an uncursed short sword of distortion.
Sonja completely misses you.
You closely miss Sonja. Sonja misses you. Sonja hits you but does no damage.
Sonja misses you. Sonja barely misses you.
Sonja hits you with an uncursed short sword of distortion.
Space warps horribly around you!
Sonja hits you with an uncursed short sword of distortion.
You miss Sonja.
Sonja hits you with an uncursed short sword of distortion.
* * * LOW HITPOINT WARNING * * *
Space bends around you.
* * * LOW HITPOINT WARNING * * *
Sonja closely misses you.
Sonja hits you with an uncursed short sword of distortion.
* * * LOW HITPOINT WARNING * * *
Space warps horribly around you!
You die...

################
#<.#.['..#..'..#
#..'.)#..').#..+
#..#####'#####'#
#..## #..#...#(#
#..#__####..##(#
#..#_.___##'#..+
#⌠⌠#_.∩...'.K._#
####_..._##_Y#'#
#_____ ##(#.#
###### ##.###
+$.$+ #$.$#
##(## #+#


You could see Sonja.

Vanquished Creatures
  Sigmund (D)
  A yak (D)
  A jelly (D)
  Ijyb (D)
4 creatures vanquished.

Vanquished Creatures (collateral kills)
  An ogre (D)
1 creature vanquished.

Vanquished Creatures (others)
  A gargoyle (D)
1 creature vanquished.

Grand Total: 6 creatures vanquished

Notes
Turn   | Place    | Note
--------------------------------------------------------------
     0 | D        | Hipnos the Draconian Transmuter began the quest for the Orb.
     0 | D        | Reached XP level 1. HP: 16/16 MP: 3/3
     2 | D        | Noticed Ijyb
    47 | D        | Killed Ijyb
    47 | D        | Reached XP level 2. HP: 9/25 MP: 2/5
    52 | D        | Learned a level 2 spell: Sticks to Snakes
   241 | D        | Noticed an ogre
   250 | D        | Killed an ogre
   250 | D        | Reached XP level 3. HP: 31/31 MP: 1/7
   250 | D        | Reached XP level 4. HP: 38/38 MP: 1/9
   268 | D        | Learned a level 3 spell: Spider Form
   325 | D        | Noticed Sigmund
   329 | D        | Killed Sigmund
   329 | D        | Reached skill level 5 in Dodging
   329 | D        | Reached skill level 1 in Stealth
   329 | D        | Reached skill level 5 in Transmutations
   329 | D        | Reached XP level 5. HP: 38/47 MP: 6/11
   396 | D        | Found a deep blue altar of Sif Muna.
   398 | D        | Found a radiant altar of Vehumet.
   402 | D        | Became a worshipper of Sif Muna the Loreminder
   407 | D        | Reached skill level 5 in Fighting
   423 | D        | Killed a gargoyle
   428 | D        | Found Dohaevumn's Jewellery Emporium.
   428 | D        | Found a white marble altar of Elyvilon.
   428 | D        | Found a stormy altar of Qazlal.
   428 | D        | Found a burning altar of Makhleb.
   428 | D        | Found a sacrificial altar of Ru.
   428 | D        | Found an oddly glowing altar of Pakellas.
   428 | D        | Found a basalt altar of Yredelemnul.
   428 | D        | Found a glowing golden altar of the Shining One.
   428 | D        | Found a sparkling altar of Nemelex Xobeh.
   428 | D        | Found a shimmering altar of Xom.
   428 | D        | Found an opulent altar of Gozag.
   428 | D        | Found an ancient bone altar of Kikubaaqudgha.
   428 | D        | Found a glowing silver altar of Zin.
   428 | D        | Noticed a yak
   429 | D        | Found an iron altar of Okawaru.
   435 | D        | Killed a yak
   435 | D        | Reached skill level 5 in Spellcasting
   435 | D        | Reached skill level 1 in Poison Magic
   435 | D        | Reached XP level 6. HP: 37/57 MP: 6/13
   440 | D        | Found a bloodstained altar of Trog.
   506 | D        | Learned a level 4 spell: Ice Form
   595 | D        | Noticed Sonja
   605 | D        | Slain by Sonja

Skill      XL: |  1  2  3  4  5 |
---------------+----------------+-----
Fighting       | 2 3 4 5 |  5.7
Dodging        | 3 4 5 7 |  7.0
Unarmed Combat | 4 6 7 |  7.0
Transmutations | 3 4 5 6 |  6.8
Spellcasting   | 3 4 5 |  5.1
Stealth        | 1 |  1.8
Poison Magic   | 1 |  1.2

Action                   |  1- 3 |  4- 6 || total
-------------------------+-------+-------++-------
Melee: Unarmed           |    42 |    13 ||    55
       Tailslap          |     5 |     1 ||     6
       Headbutt          |     3 |       ||     3
       Kick              |     2 |       ||     2
 Cast: Beastly Appendage |     5 |       ||     5
       Sticks to Snakes  |     2 |       ||     2
       Spider Form       |       |     3 ||     3
       Ice Form          |       |     1 ||     1
 Stab: Sleeping          |     1 |     1 ||     2
Armor: Skin              |    13 |     1 ||    14
Dodge: Dodged            |    21 |    16 ||    37
